 Dungeon Crawl Stone Soup version 0.25.1-8-g42b30a86e7 (webtiles) character file.

Game seed: 15928539383459466124

49 hawla the Conjurer (level 3, 0/28 HPs)
             Began as a Deep Elf Conjurer on Dec 1, 2020.
             Slain by Terence
             ... wielding a +0 flail
              (1 damage)
             ... on level 2 of the Dungeon.
             The game lasted 00:03:46 (1173 turns).

hawla the Conjurer (Deep Elf Conjurer)              Turns: 1173, Time: 00:03:47

Health: 0/28       AC: 21    Str:  5    XL:     3   Next: 53%
Magic:  1/11       EV:  2    Int: 20    God:
Gold:   84         SH:  0    Dex: 15    Spells: 8/11 levels left

rFire    + . .     SeeInvis .   (no weapon)
rCold    + . .     Gourm    .   (no shield)
rNeg     + + +     Faith    .   (armour currently unavailable)
rPois    +         Spirit   .   (helmet currently unavailable)
rElec    +         Reflect  .   (cloak currently unavailable)
rCorr    +         Harm     .   (gloves currently unavailable)
MR       .....     NoTele   +   (boots currently unavailable)
Stlth    ++........             (no amulet)
HPRegen  0.09/turn              (no ring)
MPRegen  0.12/turn              (no ring)

@: lethally poisoned (0 -> -3), tree-form, resistant, stab
A: no striking features
a: no special abilities


You were on level 2 of the Dungeon.
You were not hungry.
You were a tree.
You visited 1 branch of the dungeon, and saw 2 of its levels.

You collected 84 gold pieces.

Inventory:

Missiles
 k - 4 boomerangs (quivered)
Armour
 a - a +0 robe (melded)
Scrolls
 e - a scroll of identify
 h - a scroll of enchant armour
Potions
 l - a potion of flight {unknown}
Comestibles
 c - 4 rations
 d - 10 chunks of flesh


   Skills:
 + Level 2.8 Dodging
 - Level 2.4 Stealth
 * Level 4.7 Spellcasting
 * Level 4.8 Conjurations


You had 8 spell levels left.
You knew the following spells:

 Your Spells              Type           Power        Failure   Level  Hunger
a - Magic Dart            Conj           ###.         1%          1    None
b - Searing Ray           Conj           ###...       2%          2    #......

Your spell library contained the following spells:

 Spells                   Type           Power        Failure   Level  Hunger
 Dazzling Flash           Conj/Hex       ##....       13%         3    ##.....
 Fulminant Prism          Conj/Hex       ##........   41%         4    ####...
 Iskenderun's Mystic Bla  Conj/Tloc      ##......     41%         4    ####...


Dungeon Overview and Level Annotations

Branches:
Dungeon (2/15)

Altars:

Annotations:
D:2 Terence


Message History

The adder misses you.
It was a potion of lignification.
You turn into a tree.
Your +0 robe melds into your body.
Your roots penetrate the ground.
You feel sick. The adder bites you but does no damage.
Terence barely misses you. The adder bites you.
Okay, then.
Okay, then.
You hit the adder.
Flame seeps out of the adder.
The adder is heavily wounded.
The adder is engulfed in blazing flames.
The adder explodes!
The fiery explosion engulfs you! You resist.
Ouch! That really hurt!
* * * LOW HITPOINT WARNING * * *
You hear an angry hiss. x2
Unknown command.
You barely miss Terence.
You are engulfed in blazing flames.
You resist.
* * * LOW HITPOINT WARNING * * *
Terence hits you with a +0 flail.
You die...

#............
#..###.##..#
.......##..####
#..###........#
...# #.##.))..#
#.## #.###.#))#
#. #<# #.#..# #
.. #.#
#.#..####.##.#
.# ..#
#.#.#§○♣@....#
. ..#
.#...####......
... ###.. #....
#... ### #.#.##
..... #.#...
### #. .## ..
##.#


You could see Terence (inner flame).

Vanquished Creatures
  Robin (D:2)
  An adder (D:2)
  A dart slug (D:1)
  A giant cockroach (D:2)
  6 goblins
  4 hobgoblins
  2 jackals (D:1)
  2 quokkas (D:2)
  3 bats
  A frilled lizard (D:1)
  3 kobolds (D:1)
  2 rats (D:1)
27 creatures vanquished.

Notes
Turn   | Place    | Note
-------+----------+-------------------------------------------
     0 | D:1      | hawla the Deep Elf Conjurer began the quest for the Orb.
     0 | D:1      | Reached XP level 1. HP: 10/10 MP: 6/6
   348 | D:1      | Reached XP level 2. HP: 11/15 MP: 1/8
   889 | D:2      | Noticed Terence
   889 | D:2      | Noticed Robin
   910 | D:1      | Learned a level 2 spell: Searing Ray
  1158 | D:2      | Killed Robin
  1158 | D:2      | Reached XP level 3. HP: 19/19 MP: 6/11
  1173 | D:2      | HP: 1/28 [cloud of flame (6)]
  1173 | D:2      | Slain by Terence

Illustrated notes

Levels and vault maps discovered:
D:1:      kilobyte_arrival_exit_the_forest, layout_rooms
D:2:      layout_loops_ring, first_ration, uniq_terence, uniq_robin

Skill      XL: |  1  2 |
---------------+-------+-----
Spellcasting   | 4 |  4.7
Dodging        | |  2.8
Stealth        | |  2.4
Conjurations   | |  4.8

Action                   || total
-------------------------++-------
Melee: Unarmed           ||     2
 Cast: Magic Dart        ||    38
       Searing Ray       ||     7
  Use: Scroll            ||     3
       Potion            ||     3
  Eat: Chunk             ||     1
Armor: Robe              ||     3
       Skin              ||     1
Dodge: Dodged            ||    16
